 Dungeon Crawl Stone Soup version 0.31-a0-355-g57cb03d3e8 (webtiles) character file.

Game seed: 127837098974418551

135 randomguy2701 the Chopper (level 5, -7/47 (48) HPs)
             Began as a Hill Orc Monk on July 24, 2023.
             Mangled by a gnoll
             ... wielding a +0 flail of protection
             ... led by a gnoll bouda
              (8 damage)
             ... on level 4 of the Dungeon.
             The game lasted 00:03:54 (2712 turns).

randomguy2701 the Chopper (Hill Orc Monk)           Turns: 2712, Time: 00:03:55

HP:   -7/47 (48)    AC:  5    Str: 16    XL:     5   Next: 18%
MP:   5/5           EV: 11    Int: 10    God:
Gold: 156           SH:  0    Dex: 13    Spells: 4/4 levels left

rFire   . . .        a - +0 hand axe
rCold   . . .        d - orb {light}
rNeg    . . .        n - +0 ring mail
rPois   .            (no helmet)
rElec   .            (no cloak)
rCorr   .            (no gloves)
SInv    .            (no boots)
Will    .....        (no amulet)
Stlth   +            (no ring)
HPRegen 0.27/turn    (no ring)
MPRegen 0.09/turn

%: no passive effects
@: glowing, lightly drained
A: no striking features
a: no special abilities


You were on level 4 of the Dungeon.
You visited 1 branch of the dungeon, and saw 5 of its levels.

You collected 156 gold pieces.

Inventory:

Hand Weapons
 a - a +0 hand axe (weapon)
Armour
 b - a +0 robe
 d - an orb of light (worn)
 n - a +0 ring mail (worn)
Scrolls
 c - 2 scrolls of identify {unknown}
 j - a scroll of brand weapon {unknown}
 k - a scroll of enchant armour {unknown}
 l - 2 scrolls of revelation {unknown}
 m - 4 scrolls of teleportation {unknown}
 q - a scroll of silence {unknown}
 r - a scroll of poison {unknown}
Potions
 e - 2 potions of curing {unknown}
 f - a potion of enlightenment {unknown}
 g - 2 potions of resistance {unknown}
 h - a potion of attraction {unknown}
 i - 3 potions of brilliance {unknown}
 o - a potion of heal wounds {unknown}
 p - a potion of invisibility {unknown}


   Skills:
 + Level 5.0 Fighting
 + Level 5.4 Axes
 + Level 0.1 Armour
 - Level 3.2 Dodging


You had 4 spell levels left.
You didn't know any spells.
Your spell library contained the following spells:

 Spells                   Type           Power      Damage    Failure   Level
 Blink                    Tloc           0%         N/A       73%         2
 Lesser Beckoning         Tloc           0%         N/A       73%         2
 Momentum Strike          Conj/Tloc      0%         3d8       73%         2


Dungeon Overview and Level Annotations

Branches:
Dungeon (5/15)
 Temple: D:4-7

Altars:
Yredelemnul


Message History

Done exploring.
(D) Dungeon
Where to? (Enter - D:4, ? - help)
What level of the Dungeon? (default 1, ? - help)
You see here a +0 whip.
You see here a +0 hand axe.
There is an open door here.
There is a stone staircase leading down here.
You climb downwards.
There is a stone staircase leading up here.
i - 3 ruby potions (gained 1)
Found a stone staircase leading down.
You see here a blade talisman.
There are monsters nearby!
There are monsters nearby!
The gnoll shouts!
The gnoll shouts!
The gnoll hits you from afar with a +0 halberd.
You hit the gnoll but do no damage.
The gnoll hits you with a +0 flail of protection.
The gnoll hits you from afar with a +0 halberd.
You hit the gnoll but do no damage.
A giant cockroach comes into view.
The gnoll closely misses you.
The gnoll bouda barks out a call to the hunt!
The gnolls pick up the pace!
The gnoll closely misses you. The gnoll attacks as you move away!
The gnoll hits you with a +0 flail of protection!
The gnoll hits you but does no damage. The gnoll completely misses you.
The gnoll hits you with a +0 flail of protection!
The gnoll closely misses you.
The gnoll hits you from afar with a +0 halberd!
* * * LOW HITPOINT WARNING * * *
The gnoll attacks as you move away!
The gnoll hits you with a +0 flail of protection.
* * * LOW HITPOINT WARNING * * *
The gnoll hits you with a +0 flail of protection!
You die...

<........# #...# ########.#
##### #...# ########.####...##
#...# .......#...#.....## #...#
.......###........####...#######
.......##.................<....#
..................g..B.).......#
......◎#..........g..g..(......#
.......#........@g####...#####.#
.......#.<...)...## #...# ###.##
######..........## #...# #...g.
######......)..## #)..# #.#.##
##...........#.# #...# #.#.##
##.###.........# #...# # #...
##>#.........### ##.## ####
.....#.......# .. ##.###..<....#
###


You could see a gnoll bouda, 3 gnolls and a giant cockroach.

Vanquished Creatures
  An orc wizard (D:3)
  Robin (D:2)
  An adder (D:2)
  An adder zombie (D:2)
  2 worms (D:2)
  4 dart slugs
  5 orcs (D:3)
  7 endoplasms
  A giant cockroach (D:2)
  16 goblins
  4 hobgoblins (D:2)
  6 jackals (D:1)
  A quokka (D:3)
  3 ball pythons
  2 bats
  7 frilled lizards
  3 kobolds
  2 rats
67 creatures vanquished.

Notes
Turn   | Place    | Note
-------+----------+-------------------------------------------
     0 | D:1      | randomguy2701 the Hill Orc Monk began the quest for the
                  | Orb.
     0 | D:1      | Reached XP level 1. HP: 19/19 MP: 1/1
    40 | D:1      | You fall into a shaft and drop 1 floor!
    94 | D:2      | Reached XP level 2. HP: 15/27 MP: 2/2
   230 | D:1      | Reached XP level 3. HP: 24/33 MP: 3/3
  1246 | D:2      | Noticed Robin
  1251 | D:2      | Reached XP level 4. HP: 41/41 MP: 4/4
  1266 | D:2      | Killed Robin
  1267 | D:2      | Reached skill level 5 in Axes
  1413 | D:3      | Reached XP level 5. HP: 22/47 MP: 5/5
  1956 | D:3      | Found a basalt altar of Yredelemnul.
  2096 | D:3      | Reached skill level 5 in Fighting
  2365 | D:5      | Entered Level 5 of the Dungeon
  2365 | D:5      | Noticed a black bear
  2712 | D:4      | HP: 1/47 [gnoll/+0 flail of protection[a gnoll bouda] (6)]
  2712 | D:4      | Mangled by a gnoll

Illustrated notes

Levels and vault maps discovered:
D:1:      minmay_arrival_three_doors, layout_rooms,
          chequers_serial_rivers_micro_b
D:2:      layout_basic, serial_undead, serial_undead_b, serial_undead_a,
          serial_undead_c, serial_undead_e, uniq_robin
D:3:      layout_basic, lemuel_coloured_pillars_altar, grunt_ministairs_2,
          dk_noncrumbling_3
D:4:      layout_loops_cross
D:5:      layout_basic, minmay_temple_entry_fiery, st_stairs_4,
          amcnicky_mini_rare_corridor_liquid, chequers_serial_rivers_micro_a

Skill      XL: |  1  2  3  4  5 |
---------------+----------------+-----
Fighting       | 4 5 |  5.0
Dodging        | 3 |  3.2
Axes           | 5 |  5.4
Armour         | |  0.1

Action                     |  1- 3 |  4- 6 || total
---------------------------+-------+-------++-------
  Melee: Hand axe          |    78 |    79 ||   157
    Use: Potion            |     1 |       ||     1
 Armour: Robe              |    18 |       ||    18
         Ring mail         |     1 |    25 ||    26
  Dodge: Dodged            |    68 |    59 ||   127

Table legend: (Time is in decaauts)
 A = Elapsed time spent in this place.
 B = Non-inter-level travel time spent in this place.
 C = Inter-level travel time spent in this place.
 D = Time resting spent in this place.
 E = Time spent auto-exploring this place.
 F = Levels seen in this place.
 G = Mean time per level.
                   A        B        C        D        E       F      G
               +--------+--------+--------+--------+--------+-----+--------+
         Total |   2720 |   2666 |     54 |    322 |   1918 |   5 |  544.0 |
       Dungeon |   2720 |   2666 |     54 |    322 |   1918 |   5 |  544.0 |
               +--------+--------+--------+--------+--------+-----+--------+

Top non-repeatable levels by time:
     D:3: 1125 daAuts
     D:2: 844 daAuts
     D:1: 553 daAuts
     D:4: 195 daAuts
     D:5: 1 daAuts
